 Dungeon Crawl Stone Soup version 0.30-a0-782-ge64f9170bb (webtiles) character file.

Game seed: 12769986773585593555

1289 tilp the Knight (level 9, -1/72 HPs)
             Began as a Meteoran Fighter on Feb 22, 2023.
             Was a Priest of Okawaru.
             Slain by a troll (12 damage)
             ... on level 8 of the Dungeon.
             The game lasted 00:08:35 (1398 turns).

tilp the Knight (Meteoran Fighter)                  Turns: 1398, Time: 00:08:36

Health: -1/72      AC:  8    Str: 18    XL:     9   Next: 10%
Magic:  0/16       EV: 10    Int: 11    God:    Okawaru [***...]
Gold:   103        SH:  5    Dex: 17    Spells: 8/8 levels left

rFire   . . .      SeeInvis .    a - +3 falchion (heavy)
rCold   + . .      Faith    .    c - +0 buckler
rNeg    . . .      Spirit   +    f - +0 scale mail
rPois   +          Reflect  .    i - +0 helmet
rElec   +          Harm     .    (no cloak)
rCorr   .          Rampage  .    (no gloves)
Will    +....                    (no boots) Stlth
                                 q - amulet "Jeothrog" {Spirit *Slow rElec rPois rC+}
HPRegen 0.32/turn                (no ring)
MPRegen 0.15/turn                (no ring)

@: slowed, glowing, very slow
A: sense surroundings 2, otherworldly, glowing, explore regen
a: Renounce Religion, Heroism


You were on level 8 of the Dungeon.
You worshipped Okawaru.
Okawaru was most pleased with you.
You visited 1 branch of the dungeon, and saw 8 of its levels.
You also visited: Sewer.

You collected 103 gold pieces.

Inventory:

Hand Weapons
 a - a +3 heavy falchion (weapon)
 b - a +1 dagger of electrocution
 h - a +0 long sword
Missiles
 g - 4 javelins
 k - 5 boomerangs (quivered)
 l - 5 stones
Armour
 c - a +0 buckler (worn)
 f - a +0 scale mail (worn)
 i - a +0 helmet (worn)
Jewellery
 q - the amulet "Jeothrog" (around neck) {Spirit *Slow rElec rPois rC+}
   (You acquired it in a sewer)

   [amulet of guardian spirit]

   It causes incoming damage to be divided between your reserves of health and
   magic.
   rC:        It protects you from cold.
   rElec:     It insulates you from electricity.
   rPois:     It protects you from poison.
   *Slow:     It may slow you when you take damage.
Wands
 d - a wand of roots (7)
Scrolls
 e - 7 scrolls of identify
 j - a scroll of blinking
 r - a scroll of magic mapping {unknown}
 v - a scroll of teleportation {unknown}
Potions
 m - 2 potions of invisibility
 n - a potion of attraction
 o - 3 potions of heal wounds
 p - a potion of might
 s - 2 potions of magic {unknown}
 t - 2 potions of curing {unknown}
 u - a potion of brilliance {unknown}


   Skills:
 * Level 4.7 Fighting
 * Level 6.6 Long Blades
 + Level 2.6 Throwing
 - Level 4.0 Armour
 + Level 2.7 Dodging
 - Level 4.0 Shields
 + Level 8.3 Invocations
 + Level 2.7 Evocations


You had 8 spell levels left.
You didn't know any spells.
Your spell library was empty.

Dungeon Overview and Level Annotations

Branches:
Dungeon (8/15) Zot: 3583   Temple (0/1) D:5            Lair (0/5) D:8
  Sewer (visited)

Altars:
Elyvilon
Okawaru

Shops:
D:8 :

Annotations:
D:3 2 transporters, derval's ghost, weakling OpSu
D:4 3 runed translucent doors, zkyp's ghost, novice FoHu


Innate Abilities, Weirdness & Mutations

You passively map the area around you.
You are easily found by Zot.
You glow in the dark.
You regain HP and MP as you explore.


Message History

Throw: 5 boomerangs
Press: ? - help, Q - select action, (/) - cycle Shift-Dir - straight line, f/p - troll
Aim: a troll (63% to hit)
You throw a boomerang. The boomerang barely misses the troll.
Unknown command.
The troll bites you! You block the troll's attack.
The troll claws you but does no damage.
Throw: 5 boomerangs
Press: ? - help, Q - select action, (/) - cycle Shift-Dir - straight line, f/p - troll
Aim: a troll (63% to hit)
You throw a boomerang. The boomerang hits the troll.
The troll is lightly wounded.
The troll closely misses you. The troll claws you.
You feel yourself slow down. The troll claws you.
Unknown command.
You slash the troll!
The troll is moderately wounded.
The troll bites you but does no damage. The troll claws you!
You block the troll's attack. x2; The troll claws you but does no damage.
The troll barely misses you.
You hit the troll.
The troll is moderately wounded.
The troll closely misses you. The troll barely misses you.
You block the troll's attack. The troll bites you. The troll barely misses you.
The troll claws you!
You slash the troll!
The troll is heavily wounded.
The troll closely misses you. You block the troll's attack.
The troll claws you! The troll bites you but does no damage.
The troll claws you!
* * * LOW HITPOINT WARNING * * *
The troll misses you. The troll bites you!
* * * LOW HITPOINT WARNING * * *
The troll claws you. The troll claws you!
* * * LOW HITPOINT WARNING * * *
You slash the troll!
The troll is heavily wounded.
The troll barely misses you. The troll completely misses you.
You block the troll's attack. The troll bites you!
You die...

#### ############# ...##
#######..)........#
....###
#∩......#########.#
......######.####### #.#
....#.........# #†#
...#########..# #.####
#.## #..# #..... #.# *
####..########## #.....
#.### , ........@T....(#
#..... #...#,
*####.#.#######.#####.....
###.# * #.#.# #.........~~
###.# #...# #####......~
...#...# ... #......~
###.#<.....#.#. * #....~~≈
*.#.####..... , * ##....~≈
.# # *##..., , ###.~≈~ .#
* #.~S~


You could see a troll.

Vanquished Creatures
  2 water moccasins (D:7)
  A sky beast (D:8)
  A wolf (D:8)
  2 centaurs
  2 bullfrogs (Sewer)
  2 howler monkeys (D:4)
  2 jellies
  6 hounds
  3 iguanas
  Robin (D:4)
  5 river rats
  12 adders
  An ufetubus (D:6)
  2 worms
  A dart slug (D:1)
  4 orcs
  8 ball pythons (Sewer)
  4 endoplasms
  2 giant cockroaches
  9 goblins
  4 hobgoblins
  A quokka (D:1)
  3 frilled lizards
  2 kobolds
  27 rats
107 creatures vanquished.

Notes
Turn   | Place    | Note
-------+----------+-------------------------------------------
     0 | D:1      | tilp the Meteoran Fighter began the quest for the Orb.
     0 | D:1      | Reached XP level 1. HP: 19/19 MP: 2/2
    42 | D:1      | Reached XP level 2. HP: 22/26 MP: 3/3
    96 | D:2      | Reached skill level 1 in Dodging
    96 | D:2      | Reached XP level 3. HP: 27/31 MP: 4/4
   143 | D:3      | Found an iron altar of Okawaru.
   154 | D:3      | Became a worshipper of Warmaster Okawaru
   216 | D:3      | Found a white marble altar of Elyvilon.
   218 | D:3      | Noticed a bullfrog
   218 | D:3      | Noticed derval's ghost (weakling OpSu)
   219 | D:3      | Found a transporter.
   245 | D:4      | Reached XP level 4. HP: 6/40 MP: 5/5
   262 | D:4      | Found a runed translucent gate.
   262 | D:4      | Found a runed translucent gate.
   262 | D:4      | Found a runed translucent gate.
   264 | D:4      | Noticed a kobold brigand
   264 | D:4      | Noticed zkyp's ghost (novice FoHu)
   287 | D:4      | Reached XP level 5. HP: 37/46 MP: 6/6
   348 | D:4      | Noticed Robin
   381 | D:4      | Killed Robin
   382 | D:4      | Reached skill level 5 in Long Blades
   436 | D:5      | Entered Level 5 of the Dungeon
   436 | D:5      | Noticed a centaur
   436 | D:5      | Noticed a centaur
   491 | D:4      | Reached * piety under Okawaru
   492 | D:4      | Reached skill level 1 in Invocations
   492 | D:4      | Reached XP level 6. HP: 45/52 MP: 7/7
   498 | D:4      | Reached skill level 1 in Throwing
   498 | D:4      | Reached skill level 1 in Evocations
   526 | D:3      | Found a transporter.
   660 | D:5      | Found a glowing drain.
   665 | Sewer    | Entered a sewer
   698 | Sewer    | Reached skill level 2 in Invocations
   700 | Sewer    | Reached XP level 7. HP: 58/59 MP: 9/9
   783 | Sewer    | Reached skill level 3 in Invocations
   914 | Sewer    | Identified a scroll of acquirement
   916 | Sewer    | Reached ** piety under Okawaru
   917 | Sewer    | Reached skill level 4 in Invocations
   921 | Sewer    | Reached skill level 5 in Invocations
   957 | Sewer    | Acquired the amulet "Jeothrog" {Spirit *Slow rElec rPois
                  | rC+}
  1017 | D:5      | Found a staircase to the Ecumenical Temple.
  1028 | D:5      | Reached skill level 6 in Invocations
  1028 | D:5      | Reached XP level 8. HP: 38/66 MP: 6/13
  1137 | D:7      | Reached skill level 7 in Invocations
  1148 | D:7      | Reached skill level 8 in Invocations
  1295 | D:8      | Found Inuomiz's Book Emporium.
  1331 | D:8      | Reached *** piety under Okawaru
  1351 | D:8      | Gained mutation: You passively map the area around you.
                  | [Meteoran growth]
  1351 | D:8      | Reached XP level 9. HP: 55/72 MP: 12/16
  1367 | D:8      | Found a staircase to the Lair.
  1370 | D:8      | Noticed a troll
  1398 | D:8      | Slain by a troll

Illustrated notes

Levels and vault maps discovered:
D:1:      dpeg_arrival_rooms_b, layout_rooms
D:2:      layout_basic
D:3:      layout_basic, mainiacjoe_overflow_boulevard,
          okawaru_ov_weapons_minmay, gammafunk_ghost_arena, minivault_4,
          dk_noncrumbling_4, nicolae_concentric_dashed_squares_mild
D:4:      layout_basic, lemuel_round_altar, nicolae_wu_jian_immortal_techniques,
          gammafunk_ghost_nasty_kobolds, uniq_robin
D:5:      old_forge, layout_layer_cave, minmay_temple_entry_sparse_star,
          lightli_sewer_entry_pipes
D:6:      layout_rooms, dk_vineyard_1, minmay_pentangle
D:7:      layout_basic
D:8:      layout_loops_ring, general_overflow_altar, erik_lair_island,
          serial_shops, shop, shop, nicolae_shop_trees

Skill      XL: |  1  2  3  4  5  6  7  8 |
---------------+-------------------------+-----
Long Blades    | 3 4 5 6 |  6.6
Dodging        | 1 2 |  2.7
Fighting       | 4 |  4.7
Invocations    | 1 2 6 8 |  8.3
Throwing       | 1 2 |  2.6
Evocations     | 1 2 |  2.7
Armour         | 4 |  4.0
Shields        | 4 |  4.0

Action                     |  1- 3 |  4- 6 |  7- 9 || total
---------------------------+-------+-------+-------++-------
  Melee: Long sword        |    53 |    57 |       ||   110
         Falchion          |       |    56 |   183 ||   239
  Throw: Javelin           |       |     1 |     2 ||     3
         Boomerang         |       |       |     2 ||     2
    Use: Scroll            |     1 |     2 |     5 ||     8
         Potion            |       |     1 |     1 ||     2
 Armour: Scale mail        |    32 |    60 |   238 ||   330
  Dodge: Dodged            |    15 |    53 |   162 ||   230
  Block: Buckler           |     5 |    37 |   112 ||   154

Table legend: (Time is in decaauts)
 A = Elapsed time spent in this place.
 B = Non-inter-level travel time spent in this place.
 C = Inter-level travel time spent in this place.
 D = Time resting spent in this place.
 E = Time spent auto-exploring this place.
 F = Levels seen in this place.
 G = Mean time per level.
                   A        B        C        D        E       F      G
               +--------+--------+--------+--------+--------+-----+--------+
         Total |   1628 |   1549 |     79 |      0 |      0 |   9 |  180.9 |
       Dungeon |   1214 |   1135 |     79 |      0 |      0 |   8 |  151.8 |
         Sewer |    413 |    413 |      0 |      0 |      0 |   1 |  413.0 |
               +--------+--------+--------+--------+--------+-----+--------+

Top non-repeatable levels by time:
   Sewer: 413 daAuts
     D:4: 366 daAuts
     D:5: 220 daAuts
     D:8: 184 daAuts
     D:3: 156 daAuts
     D:7: 154 daAuts
     D:1: 80 daAuts
     D:2: 30 daAuts
     D:6: 21 daAuts
